 Dungeon Crawl Stone Soup version 0.27-a0-1202-ge72e49191c (webtiles) character file.

Game seed: 17050339915577959386

321 pokeman the Magician (level 6, -1/34 HPs)
             Began as a Deep Elf Hedge Wizard on June 3, 2021.
             Slain by an orc wizard
             ... wielding a +1 dagger of electrocution
              (2 damage)
             ... on level 3 of the Dungeon.
             The game lasted 00:06:10 (4412 turns).

pokeman the Magician (Deep Elf Hedge Wizard)        Turns: 4412, Time: 00:06:10

Health: -1/34      AC:  2    Str: 13    XL:     6   Next: 22%
Magic:  7/17       EV: 13    Int: 21    God:
Gold:   112        SH:  0    Dex: 14    Spells: 6/18 levels left

rFire    . . .     SeeInvis .   s - +0 dagger (protect)
rCold    . . .     Faith    .   (no shield)
rNeg     . . .     Spirit   .   b - +0 robe
rPois    .         Reflect  .   c - +0 hat
rElec    .         Harm     .   (no cloak)
rCorr    .         Rampage  .   (no gloves)
Will     .....                  (no boots)
Stlth    ++........             (no amulet)
HPRegen  0.11/turn              n - +6 ring of strength
MPRegen  0.15/turn              (no ring)

@: no status effects
A: no striking features
a: no special abilities


You were on level 3 of the Dungeon.
You visited 1 branch of the dungeon, and saw 3 of its levels.

You collected 112 gold pieces.

Inventory:

Hand Weapons
 s - a +0 dagger of protection (weapon)
Missiles
 p - 21 arrows
Armour
 b - a +0 robe (worn)
 c - a +0 hat (worn)
Jewellery
 n - a +6 ring of strength (left hand)
Scrolls
 a - a scroll of immolation {unknown}
 d - a scroll of teleportation {unknown}
 e - 3 scrolls of identify {unknown}
 g - a scroll of amnesia {unknown}
 h - 2 scrolls of enchant armour {unknown}
 k - a scroll of fear {unknown}
 l - a scroll of blinking {unknown}
 o - a scroll of torment {unknown}
 q - a scroll of fog {unknown}
Potions
 f - a potion of might {unknown}
 i - a potion of mutation {unknown}
 j - 3 potions of flight {unknown}
 m - 5 potions of curing {unknown}
 r - a potion of magic {unknown}


   Skills:
 + Level 1.3 Fighting
 - Level 1.0 Armour
 - Level 3.0 Dodging
 - Level 3.0 Stealth
 * Level 6.8 Spellcasting
 + Level 3.2 Conjurations
 - Level 1.1 Summonings
 - Level 1.1 Translocations
 + Level 1.0 Fire Magic
 - Level 1.0 Air Magic
 - Level 1.0 Poison Magic


You had 6 spell levels left.
You knew the following spells:

 Your Spells              Type           Power      Damage    Failure   Level
a - Magic Dart            Conj           80%        1d7       2%          1
b - Mephitic Cloud        Conj/Pois/Air  14%        N/A       13%         3
c - Call Imp              Summ           11%        N/A       9%          2
d - Blink                 Tloc           N/A        N/A       9%          2
e - Conjure Flame         Conj/Fire      16%        6-21      11%         3
f - Apportation           Tloc           22%        N/A       6%          1

Your spell library contained the following spells:

 Spells                   Type           Power      Damage    Failure   Level
 Summon Small Mammal      Summ           44%        N/A       6%          1
 Animate Skeleton         Necr           14%        N/A       9%          1
 Corona                   Hex            7%         N/A       9%          1
 Slow                     Hex            7%         N/A       14%         2


Dungeon Overview and Level Annotations

Branches:
Dungeon (3/15)

Altars:
Gozag
Makhleb
Qazlal
Sif Muna


Message History

The orc misses you.
You hit the orc priest.
You kill the orc priest!
The orc hits you with a +0 club.
Your Poison Magic skill increases to level 1!
Unknown command.
Unknown command.
Casting: Magic Dart (safe; 2% risk of failure)
Confirm with . or Enter, or press ? or * to list all spells.
You blink.
The orc wizard gestures at itself while chanting.
The orc wizard flickers and vanishes!
Deactivating autopickup; reactivate with Ctrl-A.
Found 7 gold pieces.
A puff of flame appears from out of thin air!
The puff of flame misses you.
Casting: Blink (safe; 9% risk of failure)
Confirm with . or Enter, or press ? or * to list all spells.
Aiming: Magic Dart (safe; 2% risk of failure)
Press: ? - help, Shift-Dir - straight line, f - orc
Aim: an orc, wielding a +0 club (100% to hit)
The magic dart hits the orc.
The orc is almost dead.
Casting: Magic Dart (safe; 2% risk of failure)
Confirm with . or Enter, or press ? or * to list all spells.
Aiming: Magic Dart (safe; 2% risk of failure)
Press: ? - help, Shift-Dir - straight line, f/p - orc
Aim: an orc, wielding a +0 club (almost dead, 100% to hit)
The magic dart hits the orc.
You kill the orc!
A puff of flame appears from out of thin air!
The puff of flame misses you.
You start resting.
Something hits you.
You are electrocuted!!
Ouch! That really hurt!
* * * LOW HITPOINT WARNING * * *
Casting: Magic Dart (safe; 2% risk of failure)
Confirm with . or Enter, or press ? or * to list all spells.
You blink.
Something hits you.
You die...

####### #.....# #.....# #.....#
##....# ##########....##### ###
### #.......##........###.† #.#
#.....@....)...........
#####'#####.####.{##............#
.....>##....####.§##............#
......##......##..###.##........#
......##......##..##...#........#
#####'....._......##...##'##....#
#..##......##.##8_8##.##....#
#..##......##########.#####.#
#..####....##......##.# #.#


There were no monsters in sight!

Vanquished Creatures
  A phantom (D:3)
  2 orc priests (D:3)
  An iguana (D:2)
  4 gnolls (D:3)
  6 adders
  A dart slug (D:2)
  An orc (D:3)
  4 bats
  2 endoplasms
  5 giant cockroaches
  6 goblins
  7 hobgoblins
  4 jackals
  4 quokkas
  6 ball pythons
  6 frilled lizards
  4 kobolds
  7 rats
71 creatures vanquished.

Notes
Turn   | Place    | Note
-------+----------+-------------------------------------------
     0 | D:1      | pokeman the Deep Elf Hedge Wizard began the quest for the
                  | Orb.
     0 | D:1      | Reached XP level 1. HP: 10/10 MP: 7/7
   326 | D:1      | Reached XP level 2. HP: 15/15 MP: 7/9
   628 | D:1      | Found a faded altar of an unknown god.
  1230 | D:2      | Found a burning altar of Makhleb.
  1258 | D:2      | Reached skill level 5 in Spellcasting
  1527 | D:2      | Reached XP level 3. HP: 20/20 MP: 8/11
  1532 | D:2      | Learned a level 3 spell: Mephitic Cloud
  1535 | D:2      | Learned a level 2 spell: Call Imp
  1538 | D:2      | Learned a level 2 spell: Blink
  1542 | D:2      | Learned a level 3 spell: Conjure Flame
  1630 | D:2      | Reached skill level 1 in Fighting
  1710 | D:2      | Reached skill level 1 in Armour
  2005 | D:2      | Reached XP level 4. HP: 25/25 MP: 11/13
  2585 | D:2      | Reached skill level 1 in Fire Magic
  3098 | D:2      | Learned a level 1 spell: Apportation
  3387 | D:3      | Found a stormy altar of Qazlal.
  3634 | D:3      | Reached skill level 6 in Spellcasting
  3634 | D:3      | Reached XP level 5. HP: 29/29 MP: 7/15
  3710 | D:3      | Noticed a phantom
  3721 | D:3      | Killed a phantom
  3722 | D:3      | Reached skill level 1 in Air Magic
  3836 | D:3      | Found a shimmering blue altar of Sif Muna.
  4170 | D:3      | Found an opulent altar of Gozag.
  4356 | D:3      | Reached XP level 6. HP: 21/34 MP: 8/17
  4369 | D:3      | Reached skill level 1 in Poison Magic
  4411 | D:3      | HP: 1/34 [something (20)]
  4412 | D:3      | Slain by an orc wizard

Illustrated notes

Levels and vault maps discovered:
D:1:      nicolae_arrival_somewhat_less_tricky_arrival, layout_basic,
          shapermc_ecumenical_altar_venn
D:2:      layout_basic, basic_altar, due_unseen_surprise
D:3:      layout_basic, general_overflow_altar, grunt_gozag_breadcrumbs,
          nicolae_overflow_crystal_walls

Skill      XL: |  1  2  3  4  5  6 |
---------------+-------------------+-----
Spellcasting   | 5 6 |  6.8
Fighting       | 1 |  1.3
Armour         | 1 |  1.0
Conjurations   | 2 3 |  3.2
Fire Magic     | 1 |  1.0
Dodging        | 3 |  3.0
Stealth        | 3 |  3.0
Air Magic      | 1 |  1.0
Poison Magic   | 1 |  1.0
Summonings     | |  1.1
Translocations | |  1.1

Action                   |  1- 3 |  4- 6 || total
-------------------------+-------+-------++-------
Melee: Dagger            |     6 |     9 ||    15
 Cast: Magic Dart        |    86 |    99 ||   185
       Mephitic Cloud    |       |     3 ||     3
       Conjure Flame     |       |     1 ||     1
       Blink             |       |     2 ||     2
Armor: Robe              |     3 |     4 ||     7
Dodge: Dodged            |    16 |    15 ||    31

Table legend: (Time is in decaauts)
 A = Elapsed time spent in this place.
 B = Non-inter-level travel time spent in this place.
 C = Inter-level travel time spent in this place.
 D = Time resting spent in this place.
 E = Time spent auto-exploring this place.
 F = Levels seen in this place.
 G = Mean time per level.
                   A        B        C        D        E       F      G
               +--------+--------+--------+--------+--------+-----+--------+
         Total |   4411 |   4390 |     21 |    314 |   3680 |   3 | 1470.3 |
       Dungeon |   4411 |   4390 |     21 |    314 |   3680 |   3 | 1470.3 |
               +--------+--------+--------+--------+--------+-----+--------+

Top non-repeatable levels by time:
     D:2: 1755 daAuts
     D:1: 1466 daAuts
     D:3: 1189 daAuts
